AoeStats
← iAlejandrouae

Arena

507042471Analyzed
4v4 RM · 15d ago on Sep 16, 2026· 34m 35s· 8 players
Game mode
Random Map
Map size
Large (8 player)
Population
200
Speed
Normal
Resources
Standard
Victory
Conquest
Starting age
Dark Age
Ending age
Imperial Age
RankedLock teamsTeams togetherTeam positionsShared explorationLock speedFull tech treeHidden civsTurbo modeCheats
Victory
Defeat
🇰🇿 Bengalis · Kazakhstan
1754
+10
🇩🇪 Portuguese · Germany
1723
+11
🇦🇷 Italians · Argentina
1569
+17
🇨🇳 Spanish · China
1521
+18
🇹🇼 Teutons · Taiwan
1626
-15
🇨🇳 Jurchens · China
1624
-15
🇩🇪 Celts · Germany
1579
-13
🇨🇳 Khmer · China
1567
-13
DYS.K
6:08 Loom
8:51 Feudal Age
9:33 Double-Bit Axe
11:09 Fletching
23:40 Castle Age
22:17 Stone Mining
22:19 Gold Mining
22:58 Horse Collar
24:40 Bow Saw
25:28 Fortified Wall
30:18 Wheelbarrow
Roboute Guilliman
10:31 Feudal Age
11:08 Double-Bit Axe
14:05 Castle Age
12:04 Horse Collar
15:07 Bow Saw
15:39 Wheelbarrow
22:39 Hand Cart
22:59 Gold Mining
24:44 Scale Barding Armor
27:50 Imperial Age
25:07 Loom
26:06 Chain Barding Armor
26:27 Gold Shaft Mining
26:25 Forging
27:10 Heavy Plow
27:41 Bloodlines
27:31 Husbandry
28:09 Elite Steppe Lancer
30:51 Chemistry
31:19 Iron Casting
32:01 Plate Barding Armor
33:34 Iron Casting
35:20 Blast Furnace
34:15 Town Watch
拉拉机
5:30 Loom
11:16 Feudal Age
14:46 Castle Age
13:17 Horse Collar
15:35 Double-Bit Axe
16:04 Heavy Plow
16:52 Wheelbarrow
17:08 Bow Saw
20:55 Gold Mining
21:21 Elite Skirmisher
22:37 Fletching
23:32 Padded Archer Armor
24:07 Bodkin Arrow
25:12 Hand Cart
24:43 Loom
25:37 Ballistics
26:01 Leather Archer Armor
25:50 Husbandry
28:10 Gold Shaft Mining
27:49 Scale Barding Armor
27:57 Bloodlines
Eiseob
10:07 Feudal Age
11:57 Loom
14:56 Castle Age
acyhjujaxuzjkt
13:20 Feudal Age
14:30 Double-Bit Axe
14:49 Horse Collar
17:31 Castle Age
15:58 Gold Mining
16:32 Padded Archer Armor
17:47 Bloodlines
18:59 Leather Archer Armor
25:58 Bow Saw
26:22 Heavy Plow
28:32 Wheelbarrow
29:34 Stone Mining
29:48 Loom
29:49 Town Watch
31:17 Stone Shaft Mining
35:56 Imperial Age
33:46 Hand Cart
LM \ Molle
11:59 Feudal Age
15:45 Castle Age
13:59 Double-Bit Axe
19:52 Imperial Age
21:33 Chemistry
30:11 Wheelbarrow
30:03 Loom
32:38 Fortified Wall
33:35 Hand Cart
33:05 Town Watch
iAlejandrouae
5:27 Loom
7:59 Feudal Age
6:37 Loom
9:36 Fletching
20:22 Castle Age
19:38 Double-Bit Axe
19:34 Horse Collar
21:06 Bodkin Arrow
23:04 Bow Saw
24:10 Guard Tower
26:39 Wheelbarrow
28:11 Heavy Plow
30:16 Gold Mining
30:17 Stone Mining
32:14 Coinage
32:45 Hand Cart
33:21 Padded Archer Armor
37:15 Imperial Age
34:31 Town Watch
SHell | Denchik_Ne_Lohx
9:02 Loom
10:56 Feudal Age
15:53 Castle Age
14:29 Double-Bit Axe
19:52 Bow Saw
20:37 Horse Collar
29:21 Wheelbarrow
29:37 Heavy Plow
29:53 Town Watch
32:13 Hand Cart
32:50 Sanctity
33:32 Fortified Wall
36:08 Imperial Age
33:34 Gold Mining
33:35 Stone Mining
34:47 Fletching
35:26 Ballistics
Connection lost

Rejoining the realm…

Still unreachable

The connection could not be restored.

Session expired

The server has moved on; the page needs a fresh start.